 Dungeon Crawl Stone Soup version 0.20-a0-772-g73021bd (webtiles) character file.

144 M4edhros the Poker (level 5, -4/41 HPs)
             Began as a Mummy Chaos Knight on Feb 27, 2017.
             Slain by an orc priest
             ... wielding a +0 club
              (6 damage)
             ... on level 4 of the Dungeon.
             The game lasted 00:01:28 (1022 turns).

M4edhros the Poker (Mummy Chaos Knight)             Turns: 1022, Time: 00:01:28

Health: -4/41      AC:  5    Str: 16    XL:     5   Next: 5%
Magic:  5/5        EV: 11    Int: 11    God:    Xom [.*....]
Gold:   47         SH:  0    Dex: 12    Spells: 4/4 levels left

rFire    x . .     SeeInvis +   a - +0 spear (chaos)
rCold    + . .     Gourm    .   b - +2 leather armour
rNeg     + + +     Faith    .   (no shield)
rPois    ∞         Spirit   .   (no helmet)
rElec    .         Reflect  .   (no cloak)
rCorr    .         Harm     .   (no gloves)
MR       .....                  (no boots)
Stlth    ..........             (no amulet)
Regen    0.2/turn               i - ring of see invisible
MPRegen  0.1/turn               e - ring of loudness (curse)

@: no status effects
A: no food or potions, fire vulnerability, cold resistance 1, negative energy
resistance 3, torment resistance, unbreathing
a: Renounce Religion


You were on level 4 of the Dungeon.
You worshipped Xom.
You were a plaything of Xom.
You were not hungry.

You visited 1 branch of the dungeon, and saw 4 of its levels.

You collected 47 gold pieces.

Inventory:

Hand Weapons
 a - a +0 spear of chaos (weapon)
Missiles
 c - 6 poisoned javelins (quivered)
Armour
 b - a +2 leather armour (worn)
Jewellery
 e - a cursed ring of loudness (left hand)
 i - a ring of see invisible (right hand)
Wands
 f - a wand of acid (1/15)
Scrolls
 d - a scroll of blinking {unknown}
 g - a scroll of magic mapping {unknown}
 h - a scroll of amnesia {unknown}


   Skills:
 - Level 3.0 Fighting
 + Level 4.8 Polearms
 - Level 1.5 Armour
 - Level 0.7 Dodging


You had 4 spell levels left.
You didn't know any spells.

Dungeon Overview and Level Annotations

Branches:
Dungeon (4/15)
 Temple: D:4-7

Altars:
Qazlal


Innate Abilities, Weirdness & Mutations

You do not eat or drink.
Your flesh is vulnerable to fire.
You are immune to poison.
Your flesh is cold resistant. (rC+)
You are immune to negative energy. (rN+++)
You are immune to unholy pain and torment.
You can survive without breathing.


Message History

You hit the orc priest but do no damage.
The orc priest is heavily wounded.
Xom grants you some temporary aid. The leopard gecko bites you.
* * * LOW HITPOINT WARNING * * *
The orc wizard hits you but does no damage.
The orc priest hits you but does no damage.
The leopard gecko bites you.
* * * LOW HITPOINT WARNING * * *
You hit the orc priest. You burn the orc priest.
The orc priest is severely wounded.
The orc wizard points at you and mumbles some strange words.
The puff of frost hits you! You resist.
* * * LOW HITPOINT WARNING * * *
The orc wizard barely misses you. The leopard gecko bites you.
* * * LOW HITPOINT WARNING * * *
You barely miss the orc priest.
The orc priest is almost dead.
The orc priest hits you with a club.
You die...

...............#####...#
##..##........#####....##
##..##.......###.......#
#..##................#
#...#.............##..
#..............####..
#............### ##..
#...5o5.....### ##...
#..o@#####....###...#
......ol# #.........##
........# ##.......##
......... ##.....##
......... #.....#
.......... ##....#
.......... #....#
........... .....#
....... .


You could see an orc priest, 2 orc wizards, a leopard gecko, a friendly quasit
and a friendly crimson imp.

Vanquished Creatures
  An orc priest (D:4)
  An iguana (D:4)
  A worker ant (D:4)
  An adder (D:2)
  An ooze (D:3)
  A dart slug (D:1)
  A leopard gecko (D:3)
  7 orcs
  2 giant cockroaches (D:3)
  2 goblins
  10 hobgoblins
  A jackal (D:4)
  2 kobolds (D:3)
  A quokka (D:2)
  A bat (D:2)
  3 frilled lizards
  A rat (D:1)
37 creatures vanquished.

Notes
Turn   | Place    | Note
-------+----------+-------------------------------------------
     0 | D:1      | M4edhros the Mummy Chaos Knight began the quest for the Orb.
     0 | D:1      | Reached XP level 1. HP: 18/18 MP: 1/1
    26 | D:1      | XOM: potion effect (agility)
    31 | D:1      | XOM: divination: detect items
    48 | D:1      | XOM: potion effect (haste)
    64 | D:1      | Reached XP level 2. HP: 24/24 MP: 2/2
    70 | D:1      | Reached skill level 3 in Polearms
   144 | D:2      | Reached XP level 3. HP: 15/29 MP: 3/3
   204 | D:3      | XOM: divination: detect items
   356 | D:3      | XOM: cloud trail
   372 | D:3      | Found a stormy altar of Qazlal.
   426 | D:3      | XOM: chaos upgrade
   447 | D:4      | Reached skill level 4 in Polearms
   447 | D:4      | Reached XP level 4. HP: 32/35 MP: 4/4
   531 | D:4      | Reached XP level 5. HP: 19/41 MP: 5/5
  1020 | D:4      | XOM: summons 2 friendly demons
  1021 | D:4      | HP: 2/41 [leopard gecko (1)]
  1022 | D:4      | Slain by an orc priest

Vault maps used:
D:1:      lemuel_arrival_hallway
D:2:      grunt_dithmenos_smoke, lemuel_doored_altar
D:3:      old_standard_altar, overflow_temple_1_default, vehumet_crystals,
          first_bread
D:4:      kennysheep_slug_shrine

Skill      XL: |  1  2  3 |
---------------+----------+-----
Polearms       | 3 4 |  4.8
Fighting       | |  3.0
Armour         | |  1.5
Dodging        | |  0.7

Action                   |  1- 3 |  4- 6 || total
-------------------------+-------+-------++-------
Melee: Spear             |   123 |    44 ||   167
 Stab: Petrified         |       |     2 ||     2
       Petrifying        |       |     1 ||     1
Armor: Leather armour    |    28 |    13 ||    41
Dodge: Dodged            |    82 |    17 ||    99
